 Dungeon Crawl Stone Soup version 0.30.1-4-g462c640d31 (webtiles) character file.

Game seed: 7237503749937740594

88 croobank the Firebug (level 4, 0/31 HPs)
             Began as a Demonspawn Fire Elementalist on Sept 15, 2023.
             Killed from afar by Ijyb (9 damage)
             ... with a puff of flame
             ... on level 3 of the Dungeon.
             The game lasted 00:05:05 (2184 turns).

croobank the Firebug (Demonspawn Fire Elementalist) Turns: 2184, Time: 00:05:05

Health: 0/31       AC:  5    Str:  8    XL:     4   Next: 30%
Magic:  5/7        EV: 12    Int: 19    God:
Gold:   87         SH:  0    Dex: 13    Spells: 2/8 levels left

rFire   . . .        b - +2 dagger (speed)
rCold   . . .        (no shield)
rNeg    . . .        a - +0 robe
rPois   .            (no helmet)
rElec   .            (no cloak)
rCorr   .            j - +0 pair of gloves
SInv    .            (no boots)
Will    .....        (no amulet)
Stlth   ++           (no ring)
HPRegen 0.25/turn    (no ring)
MPRegen 0.10/turn

%: no passive effects
@: very slightly contaminated
A: thin metallic scales 1, foul stench 1, demonic touch 1
a: no special abilities


You were on level 3 of the Dungeon.
You visited 1 branch of the dungeon, and saw 4 of its levels.

You collected 87 gold pieces.

Inventory:

Hand Weapons
 b - a +2 dagger of speed (weapon)
 d - a +0 dagger of venom
Missiles
 e - 3 poisoned darts
Armour
 a - a +0 robe (worn)
 j - a +0 pair of gloves (worn)
Scrolls
 c - a scroll of enchant armour {unknown}
 i - a scroll of torment {unknown}
 n - a scroll of identify {unknown}
Potions
 f - a potion of heal wounds {unknown}
 g - a potion of degeneration {unknown}
 h - a potion of haste {unknown}
 k - a potion of curing {unknown}
 l - a potion of attraction {unknown}
 m - a potion of berserk rage {unknown}
 o - a potion of might {unknown}


   Skills:
 + Level 0.5 Fighting
 + Level 2.3 Dodging
 + Level 2.3 Stealth
 + Level 2.5 Spellcasting
 + Level 1.9 Conjurations
 + Level 0.8 Hexes
 + Level 3.1 Fire Magic


You had 2 spell levels left.
You knew the following spells:

 Your Spells              Type           Power      Damage    Failure   Level
a - Foxfire               Conj/Fire      48%        2x1d6     5%          1
b - Scorch                Fire           28%        2d6       7%          2
c - Inner Flame           Hex/Fire       9%         N/A       22%         3

Your spell library contained the following spells:

 Spells                   Type           Power      Damage    Failure   Level
 Sting                    Tmut/Pois      8%         1d3       16%         1
 Poisonous Vapours        Pois/Air       4%         N/A       24%         2
 Volatile Blastmotes      Fire/Tloc      16%        2d11      26%         3
 Vhi's Electric Charge    Tloc/Air       4%         N/A       43%         3
 Flame Wave               Conj/Fire      12%        2d6       50%         4
 Olgreb's Toxic Radiance  Pois           2%         N/A       85%         4
 Arcjolt                  Conj/Air       3%         1d13      96%         5
 Plasma Beam              Fire/Air       4%         2x1d15    100%        6


Dungeon Overview and Level Annotations

Branches:
Dungeon (4/15)
 Temple: D:4-7

Altars:

Shops:
D:4 [

Annotations:
D:3 Ijyb


Innate Abilities, Weirdness & Mutations

You are partially covered in thin metallic scales. (AC +2)
You may rarely emit foul miasma when damaged in melee.
Your touch may inflict minor irresistible damage on your foes.


Message History

The giant cockroach barely misses you. The giant cockroach misses you.
You barely miss the giant cockroach.
Ijyb shouts!
You touch the giant cockroach.
You kill the giant cockroach!
You hear a shout!
Ijyb zaps a wand.
The puff of flame hits you.
You hit the rat.
The rat is moderately wounded.
The rat bites you.
You closely miss the rat.
The rat is moderately wounded.
The rat attacks as you move away! The rat closely misses you.
The rat bites you but does no damage. Ijyb screams, "I dance on your bones!"
A kobold comes into view. It is wielding a +0 dagger.
You hit the rat.
You kill the rat!
Ijyb screams, "Me stronger than you!"
Ijyb zaps a wand.
The puff of flame hits you!
Ijyb zaps a wand.
The puff of flame hits you.
You closely miss Ijyb.
You touch Ijyb!
Ijyb is moderately wounded.
Ijyb barely misses you.
You barely miss Ijyb.
Ijyb is moderately wounded.
You hit Ijyb but do no damage. Your touch misses Ijyb.
Ijyb is moderately wounded.
Ijyb hits you with a +0 dagger.
* * * LOW HITPOINT WARNING * * *
The kobold barely misses you.
You closely miss Ijyb.
You touch Ijyb!
Ijyb is severely wounded.
The kobold barely misses you. Ijyb barely misses you.
Casting: Foxfire (safe; 5% risk of failure)
Confirm with . or Enter, or press ? or * to list all spells.
You miscast Scorch.
You are very lightly contaminated with residual magic.
Nothing appears to happen.
Ijyb zaps a wand.
The puff of flame hits you!
You die...

#...÷.######.#.# .!.#
#.........##.#.# ....#
#......##......# ...
#........####..####.####
#.....##...##...........
##########.#............
##..............
###.......K......#
#...###.g@.......#
###†####.†.........#
#..>.............÷..
#######.....?......#
#..#..........#
....###8.....8#.. #####
#.......#.$ #8.)...8#
#..).)..#


You could see Ijyb and a kobold.

Vanquished Creatures
  3 adders
  A worm (D:2)
  A dart slug (D:2)
  4 endoplasms
  2 giant cockroaches
  13 goblins
  8 hobgoblins
  2 jackals (D:3)
  4 quokkas
  2 ball pythons
  2 bats
  4 kobolds
  4 rats
50 creatures vanquished.

Vanquished Creatures (others)
  117 foxfires
117 creatures vanquished.

Grand Total: 167 creatures vanquished

Notes
Turn   | Place    | Note
-------+----------+-------------------------------------------
     0 | D:1      | croobank the Demonspawn Fire Elementalist began the quest
                  | for the Orb.
     0 | D:1      | Reached XP level 1. HP: 13/13 MP: 3/3
   306 | D:1      | Gained mutation: Your touch may inflict minor irresistible
                  | damage on your foes. [demonic ancestry]
   306 | D:1      | Reached XP level 2. HP: 17/19 MP: 5/5
  1192 | D:2      | Gained mutation: You may rarely emit foul miasma when
                  | damaged in melee. [demonic ancestry]
  1192 | D:2      | Reached XP level 3. HP: 14/24 MP: 2/6
  1194 | D:2      | Reached skill level 3 in Fire Magic
  1307 | D:2      | Learned a level 2 spell: Scorch
  1311 | D:2      | Learned a level 3 spell: Inner Flame
  1933 | D:3      | Gained mutation: You are partially covered in thin metallic
                  | scales. (AC +2) [demonic ancestry]
  1933 | D:3      | Reached XP level 4. HP: 31/31 MP: 3/7
  1983 | D:3      | Noticed Ijyb
  1995 | D:4      | Found Repyg's Antique Armour Emporium.
  2046 | D:4      | Noticed an ogre
  2184 | D:3      | Killed from afar by Ijyb

Illustrated notes

Levels and vault maps discovered:
D:1:      roderic_chinese_lattice_arrival, layout_basic
D:2:      layout_rooms, minmay_distorted
D:3:      kennysheep_the_goblin_king, layout_rooms, old_standard_altar,
          mainiacjoe_overflow_catch_the_wave, serial_shops,
          nicolae_shop_getting_attention
D:4:      kennysheep_slugbush, layout_rooms, zin_statuary,
          trog_three_pillars_becter, mainiacjoe_overflow_small_starburst,
          serial_shops, shop, st_stairs_2, chequers_serial_rivers_micro_b

Skill      XL: |  1  2  3 |
---------------+----------+-----
Stealth        | 2 |  2.3
Dodging        | 2 |  2.3
Fire Magic     | 3 |  3.1
Fighting       | |  0.5
Spellcasting   | |  2.5
Conjurations   | |  1.9
Hexes          | |  0.8

Action                     |  1- 3 |  4- 6 || total
---------------------------+-------+-------++-------
  Melee: Dagger            |    46 |     8 ||    54
         Unarmed           |     2 |       ||     2
         Touch             |     7 |     3 ||    10
   Cast: Foxfire           |    55 |    11 ||    66
         Scorch            |     6 |       ||     6
    Use: Potion            |     1 |       ||     1
         Scroll            |     3 |     1 ||     4
   Stab: Sleeping          |     3 |       ||     3
 Armour: Robe              |     7 |     1 ||     8
  Dodge: Dodged            |    30 |     7 ||    37
